[Event "Titled Tuesday Blitz July 20 2021"]
[White "ValeriyGrinev"]
[Black "Pein, Jonathan"]
[BlackFideId "417092"]
[WhiteElo "2625"]
[BlackElo "2167"]
[Result "1/2-1/2"]
[Round "03"]
[TimeControl "180+1"]
[Date "2021.07.21"]
[WhiteClock "0:00:24"]
[BlackClock "0:00:10"]

1. d4 d6 2. c4 Nf6 3. Nc3 g6 4. e4 Bg7 5. Be2 O-O 6. Be3 e5 7. d5 a5 8. g4 Na6 9. h4 Nd7 10. h5 Nac5 11. f3 a4 12. Qd2 Qe7 13. Bh6 Bxh6 14. Qxh6 g5 15. Nb5 c6 16. Nxd6 cxd5 17. cxd5 f6 18. Nf5 Qf7 19. Nh3 Nb8 20. Rc1 Bxf5 21. gxf5 Nbd7 22. Rg1 Kh8 23. Kf2 Rac8 24. Kg3 b6 25. Nf2 Nb7 26. Bb5 Nd6 27. Rxc8 Nxc8 28. Rc1 Nd6 29. Bxa4 Qe7 30. Rc7 Nf7 31. Rxd7 Qxd7 32. Bxd7 Nxh6 33. Nd3 Ra8 34. a3 Nf7 35. Nb4 Nd6 36. Bc6 Rb8 37. Na6 Rd8 38. b3 Kg7 39. a4 Kf7 40. b4 g4 41. Nc7 gxf3 42. Kxf3 Rg8 43. a5 bxa5 44. bxa5 Rg1 45. a6 Rf1+ 46. Ke3 Ra1 47. Kd3 Ra3+ 48. Kc2 Nxe4 49. Bb7 Nc5 50. Nb5 Ra5 51. d6 Nxa6 52. Bd5+ Ke8 53. Bc6+ Kd8 54. Kb3 Nc5+ 55. Kb4 Rxb5+ 56. Kxb5 Nd7 57. Kc4 h6 58. Kd5 Nb8 59. Bb5 Nd7 60. Ke6 Nc5+ 61. Kxf6 e4 62. Ke5 e3 63. Kd4 Nb7 64. d7 Nd6 65. Ba6 Nxf5+ 66. Ke4 e2 67. Bxe2 Ng3+ 68. Kf3 Nxe2 69. Kxe2 Kxd7 70. Kf3 Ke6 71. Ke4 Kf6 72. Kf4 Ke6 73. Ke4 Kf6 74. Kf4 Ke6 75. Ke4 1/2-1/2


[Site "https://www.chess.com"]

[Event "Titled Tuesday Blitz July 20 2021"]
[White "Vdovin, Vadim"]
[Black "Pajeken, Jakob Leon"]
[WhiteFideId "24107158"]
[BlackFideId "12942839"]
[WhiteElo "2406"]
[BlackElo "2231"]
[Result "1-0"]
[Round "03"]
[TimeControl "180+1"]
[Date "2021.07.21"]
[WhiteClock "0:00:11"]
[BlackClock "0:00:31"]

1. e4 e5 2. Nf3 Nc6 3. Bb5 a6 4. Ba4 Nf6 5. O-O Be7 6. d3 b5 7. Bb3 d6 8. a3 Na5 9. Ba2 c5 10. b4 Nc6 11. c3 O-O 12. h3 h6 13. Be3 Be6 14. Bxe6 fxe6 15. Nbd2 cxb4 16. axb4 d5 17. Qb3 Qd7 18. exd5 exd5 19. d4 e4 20. Ne5 Qc7 21. f4 exf3 22. Ndxf3 Bd6 23. Bf4 Ne7 24. Rae1 Rfc8 25. Bd2 a5 26. bxa5 Qxa5 27. Nh4 Qa4 28. Qb1 Rf8 29. Nhg6 Nxg6 30. Qxg6 Ne4 31. Bxh6 Qa7 32. Bg5 Rae8 33. Ng4 Nxg5 34. Rxe8 Nh7 35. Nh6+ Kh8 36. Nf7+ Kg8 37. Nxd6 Qd7 38. Rexf8+ Nxf8 39. Qf7+ Qxf7 40. Nxf7 b4 41. cxb4 Ne6 42. Ne5 Nxd4 43. Rd1 Nc2 44. b5 Ne3 45. Rd3 Nc4 46. Rxd5 Nb6 47. Rd6 Nc4 48. Rc6 Nxe5 49. Rc8+ Kf7 50. b6 Nd7 51. Rc7 Ke6 52. b7 Nb8 53. Rc8 Nc6 54. Rxc6+ Kd7 55. Rc8 g5 56. b8=Q g4 57. Qc7+ Ke6 58. Re8+ Kf5 59. Qe5+ Kg6 60. Re6+ Kf7 61. Qf6+ Kg8 62. Qg6+ Kf8 63. Re8# 1-0


[Site "https://www.chess.com"]

[Event "Titled Tuesday Blitz July 20 2021"]
[White "Vukovic, Zdravko"]
[Black "Chernov, Mikhail"]
[WhiteFideId "900877"]
[BlackFideId "24143170"]
[WhiteElo "2584"]
[BlackElo "2244"]
[Result "1-0"]
[Round "03"]
[TimeControl "180+1"]
[Date "2021.07.21"]
[WhiteClock "0:00:56"]
[BlackClock "0:00:17"]

1. e4 c5 2. b3 Nc6 3. Bb2 d6 4. f4 Nf6 5. Nc3 g6 6. Bb5 Bd7 7. Nf3 Bg7 8. Qe2 O-O 9. O-O Nd4 10. Nxd4 cxd4 11. Nd1 Qb6 12. Bd3 e5 13. Kh1 Rae8 14. Qf3 Bc6 15. f5 d5 16. Nf2 Qa5 17. exd5 Nxd5 18. Be4 Nf4 19. Bxc6 bxc6 20. Ne4 gxf5 21. Nd6 Qxd2 22. Nxe8 Rxe8 23. Qxc6 Re6 24. Qf3 Qxc2 25. Bxd4 Rg6 26. Rac1 Qxg2+ 27. Qxg2 Nxg2 28. Rc8+ Bf8 29. Bc5 1-0


[Site "https://www.chess.com"]

[Event "Titled Tuesday Blitz July 20 2021"]
[White "Wieczorek, Zbigniew"]
[Black "Hebden, Mark L"]
[WhiteFideId "1102001"]
[BlackFideId "400084"]
[WhiteElo "2269"]
[BlackElo "2457"]
[Result "0-1"]
[Round "03"]
[TimeControl "180+1"]
[Date "2021.07.21"]
[WhiteClock "0:00:01"]
[BlackClock "0:00:57"]

1. Nf3 Nf6 2. g3 g6 3. d4 Bg7 4. Bg2 c5 5. c3 Qc7 6. O-O O-O 7. Bf4 d6 8. dxc5 Qxc5 9. Nbd2 Nc6 10. e4 Qh5 11. Ng5 h6 12. Qxh5 Nxh5 13. Ngf3 Nxf4 14. gxf4 h5 15. Ng5 Bh6 16. Nc4 f6 17. Nh3 Bxh3 18. Bxh3 Bxf4 19. Be6+ Kg7 20. Kh1 Nd8 21. Bh3 Kf7 22. Rae1 e6 23. Rd1 Ke7 24. Rfe1 Rc8 25. Ne3 Bxe3 26. Rxe3 Rc5 27. Red3 Nf7 28. f4 e5 29. fxe5 Rxe5 30. Rg1 Rg8 31. Bg2 Kd7 32. Rgd1 Kc7 33. c4 b6 34. b3 Rge8 35. Kg1 g5 36. Kf2 g4 37. R1d2 R8e6 38. h3 Ng5 39. hxg4 hxg4 40. Kg1 Nxe4 41. Bxe4 Rxe4 42. Rf2 R4e5 43. Rd4 f5 44. Rdf4 Rf6 45. Rxg4 fxg4 0-1


[Site "https://www.chess.com"]

[Event "Titled Tuesday Blitz July 20 2021"]
[White "Yanchenko, Roman"]
[Black "Taichman, Ori"]
[WhiteFideId "4137329"]
[BlackFideId "2804069"]
[WhiteElo "2514"]
[BlackElo "2227"]
[Result "0-1"]
[Round "03"]
[TimeControl "180+1"]
[Date "2021.07.21"]
[WhiteClock "0:00:19"]
[BlackClock "0:00:14"]

1. d4 Nf6 2. c4 g6 3. Nf3 Bg7 4. Nc3 O-O 5. Bf4 d6 6. e3 c5 7. Be2 Nc6 8. O-O Bg4 9. h3 Bxf3 10. Bxf3 Nd7 11. Ne2 cxd4 12. Nxd4 e5 13. Nxc6 bxc6 14. Bg3 Qc7 15. Qa4 Rac8 16. Rad1 f5 17. b4 e4 18. Be2 Ne5 19. b5 cxb5 20. Qxb5 Qc6 21. Qd5+ Qxd5 22. Rxd5 Nxc4 23. Rfd1 Rfd8 24. Bxc4 Rxc4 25. Rxd6 Rxd6 26. Rxd6 Rc1+ 27. Kh2 a5 28. Rd8+ Kf7 29. Rd7+ Kg8 30. Ra7 Bc3 31. Rc7 Bd2 32. Rd7 Rc2 33. a4 Be1 34. Be5 Bxf2 35. Bd4 Ra2 36. Rg7+ Kf8 37. Rxh7 Rxa4 38. h4 f4 39. Bc5+ Kg8 40. Rb7 fxe3 41. Rb2 Bxh4 42. Bxe3 Bf6 43. Rb6 Be5+ 44. Kg1 Kf7 45. Rb5 Ke6 46. Kf2 Ra2+ 47. Kf1 a4 48. Rb6+ Kf5 49. Rb5 Kf6 50. Rb6+ Kf5 51. Rb5 Ke6 52. Rb6+ Kd5 53. Rb5+ Kd6 54. Rb6+ Kc7 55. Rxg6 Ra1+ 56. Ke2 a3 57. Re6 Ra2+ 58. Kf1 Ra1+ 59. Ke2 a2 60. Rxe5 Re1+ 61. Kf2 a1=Q 62. Rc5+ Kd6 63. Rc2 Rf1+ 64. Kg3 Qe1+ 65. Kh3 Qxe3+ 66. g3 Rg1 0-1


[Site "https://www.chess.com"]

[Event "Titled Tuesday Blitz July 20 2021"]
[White "davigator"]
[Black "Pert, Richard G"]
[BlackFideId "404748"]
[WhiteElo "2394"]
[BlackElo "2441"]
[Result "1/2-1/2"]
[Round "03"]
[TimeControl "180+1"]
[Date "2021.07.21"]
[WhiteClock "0:01:44"]
[BlackClock "0:00:16"]

1. e4 c6 2. d4 d5 3. e5 c5 4. Nf3 Nc6 5. dxc5 Bg4 6. Bb5 e6 7. b4 a5 8. c3 Ne7 9. O-O Ng6 10. Re1 Be7 11. h3 Bxf3 12. Qxf3 O-O 13. Bxc6 bxc6 14. Bf4 axb4 15. cxb4 f6 16. Qe3 fxe5 17. Bxe5 Nxe5 18. Qxe5 Bf6 19. Qxe6+ Kh8 20. Nd2 Bxa1 21. Rxa1 Qg5 22. Nf3 Rxf3 23. Qxc6 Raf8 24. Rf1 R3f6 25. Qd7 Qd2 26. c6 Rxf2 27. Rxf2 Qxf2+ 28. Kh1 Qe1+ 29. Kh2 Qe5+ 30. Kg1 Qd4+ 31. Kh2 Qe5+ 32. Kg1 h6 33. c7 Qe3+ 34. Kh2 Qf4+ 35. Kg1 Qc1+ 36. Kh2 d4 37. Qd8 Kg8 38. Qd5+ Kh8 39. Qd8 Qf4+ 40. Kg1 Qf2+ 41. Kh2 Qf5 42. b5 d3 43. b6 Qf4+ 44. Kg1 Qe3+ 45. Kh2 Qf4+ 46. Kg1 Qf1+ 47. Kh2 Qf4+ 1/2-1/2


[Site "https://www.chess.com"]

[Event "Titled Tuesday Blitz July 20 2021"]
[White "Ahmadzada, Ahmad"]
[Black "Gontcharov, Vladislav"]
[WhiteFideId "13413007"]
[BlackFideId "4123492"]
[WhiteElo "2226"]
[BlackElo "2503"]
[Result "1-0"]
[Round "04"]
[TimeControl "180+1"]
[Date "2021.07.21"]
[WhiteClock "0:01:40"]
[BlackClock "0:00:09"]

1. Nf3 Nf6 2. g3 g6 3. Bg2 Bg7 4. O-O O-O 5. d3 c5 6. e4 Nc6 7. Re1 d6 8. e5 dxe5 9. Nxe5 Nxe5 10. Rxe5 Nd7 11. Re1 e5 12. Nc3 Rb8 13. Be3 b6 14. a4 h6 15. h4 Bb7 16. Bxb7 Rxb7 17. Qf3 Rb8 18. h5 Nf6 19. hxg6 fxg6 20. Kg2 g5 21. Qc6 Qd7 22. Qxd7 Nxd7 23. Ne4 Nf6 24. b3 Nd5 25. a5 Nb4 26. Re2 Ra8 27. Bc1 Rfd8 28. Ba3 Nc6 29. Bb2 Nxa5 30. Nxc5 Re8 31. Na6 Rac8 32. Nb4 Kf7 33. Nd5 Red8 34. Ne3 Nc6 35. Ng4 e4 36. Bxg7 exd3 37. cxd3 Kxg7 38. Re6 h5 39. Ne3 1-0


[Site "https://www.chess.com"]

[Event "Titled Tuesday Blitz July 20 2021"]
[White "Aradhya, Garg"]
[Black "Silva Lucena, Cristian"]
[WhiteFideId "25006746"]
[BlackFideId "2232588"]
[WhiteElo "2146"]
[BlackElo "2217"]
[Result "1-0"]
[Round "04"]
[TimeControl "180+1"]
[Date "2021.07.21"]
[WhiteClock "0:01:30"]
[BlackClock "0:01:05"]

1. d4 d5 2. c4 e6 3. Nc3 c6 4. e3 Nf6 5. Nf3 Nbd7 6. Be2 dxc4 7. a4 Qc7 8. O-O Bd6 9. Bxc4 e5 10. a5 exd4 11. exd4 O-O 12. Re1 b5 13. axb6 Nxb6 14. Bd3 Bg4 15. h3 Bh5 16. Bg5 Nfd5 17. Rc1 Rfe8 18. Rxe8+ Rxe8 19. Nb5 Bh2+ 20. Nxh2 Bxd1 21. Nxc7 Re1+ 22. Nf1 Nxc7 23. Bd2 Re6 24. Rxd1 1-0


[Site "https://www.chess.com"]

[Event "Titled Tuesday Blitz July 20 2021"]
[White "Arnold, Ken"]
[Black "Reprintsev, Alexander"]
[WhiteFideId "2056836"]
[BlackFideId "14100541"]
[WhiteElo "2405"]
[BlackElo "2126"]
[Result "1-0"]
[Round "04"]
[TimeControl "180+1"]
[Date "2021.07.21"]
[WhiteClock "0:01:05"]
[BlackClock "0:00:13"]

1. d4 d5 2. c4 e5 3. dxe5 d4 4. Nf3 Nc6 5. g3 Nge7 6. Bg2 Ng6 7. O-O Ngxe5 8. b3 Bc5 9. Bb2 Nxf3+ 10. exf3 O-O 11. Nd2 a5 12. Ne4 Ba7 13. f4 h6 14. a3 Re8 15. Re1 Bf5 16. g4 Bxe4 17. Rxe4 Rxe4 18. Bxe4 Qd6 19. Qf3 Rd8 20. Rd1 Bc5 21. Bxc6 bxc6 22. a4 d3 23. Bc3 Bb6 24. Qe4 f6 25. Kg2 Kf7 26. Kf3 Qd7 27. c5 Bxc5 28. Qc4+ Qd5+ 29. Qxd5+ Rxd5 30. Bxa5 Bb6 31. Bxb6 cxb6 32. Ke4 d2 33. Ke3 b5 34. Rxd2 Rc5 35. Kd4 Rc1 36. Ra2 c5+ 37. Kd3 c4+ 38. bxc4 bxc4+ 39. Kd2 Rb1 40. a5 Rb7 41. a6 Ra7 42. Kc3 f5 43. f3 h5 44. h3 g5 45. fxg5 fxg4 46. fxg4 hxg4 47. hxg4 Kg6 48. Kxc4 Kxg5 49. Kb5 Kxg4 50. Kb6 1-0


[Site "https://www.chess.com"]

[Event "Titled Tuesday Blitz July 20 2021"]
[White "Bartel, Mateusz"]
[Black "Tomiello, Lucas Costamilan"]
[WhiteFideId "1112635"]
[BlackFideId "22701940"]
[WhiteElo "2586"]
[BlackElo "1945"]
[Result "1-0"]
[Round "04"]
[TimeControl "180+1"]
[Date "2021.07.21"]
[WhiteClock "0:01:54"]
[BlackClock "0:00:25"]

1. Nc3 Nf6 2. e4 d5 3. exd5 Nxd5 4. Bc4 Nxc3 5. Qf3 e6 6. dxc3 Bd6 7. Be3 Nc6 8. Qe2 O-O 9. O-O-O e5 10. Nf3 Qe8 11. Ng5 h6 12. h4 Na5 13. Bd5 Bd7 14. Qd3 e4 15. Nxe4 1-0


[Site "https://www.chess.com"]

[Event "Titled Tuesday Blitz July 20 2021"]
[White "Bartel, Michal"]
[Black "Siva Mahadevan"]
[WhiteFideId "1119257"]
[BlackFideId "25043153"]
[WhiteElo "2271"]
[BlackElo "2203"]
[Result "0-1"]
[Round "04"]
[TimeControl "180+1"]
[Date "2021.07.20"]
[WhiteClock "0:01:18"]
[BlackClock "0:00:17"]

1. e4 c5 2. Ne2 Nc6 3. g3 g6 4. Bg2 Bg7 5. c3 e5 6. d3 Nge7 7. Be3 d6 8. Nd2 O-O 9. f4 f5 10. O-O Be6 11. Nf3 Qd7 12. Ng5 Rad8 13. Nxe6 Qxe6 14. Qb3 Qxb3 15. axb3 b6 16. exf5 gxf5 17. fxe5 dxe5 18. Bg5 Rxd3 19. Bxe7 Nxe7 20. Rxa7 Rf7 21. c4 Rxb3 22. Nc3 e4 23. Nb5 Rxb2 24. Nd6 Rf6 25. Ne8 Re6 26. Nxg7 Kxg7 27. Rxf5 e3 28. Rf1 Kg6 29. h4 h5 30. Bf3 Nf5 31. g4 Nxh4 32. gxh5+ Kh6 33. Bd5 Re5 34. Raf7 Rg5+ 35. Kh1 Rxh5 36. Be4 Nf3# 0-1


[Site "https://www.chess.com"]

[Event "Titled Tuesday Blitz July 20 2021"]
[White "Baskin, Robert"]
[Black "Asadli, Vugar"]
[WhiteFideId "24662402"]
[BlackFideId "13405764"]
[WhiteElo "2462"]
[BlackElo "2386"]
[Result "0-1"]
[Round "04"]
[TimeControl "180+1"]
[Date "2021.07.20"]
[WhiteClock "0:00:02"]
[BlackClock "0:00:22"]

1. e4 c6 2. d4 d5 3. exd5 cxd5 4. Bd3 Nc6 5. c3 Qc7 6. h3 e6 7. Nf3 Bd6 8. O-O Nge7 9. Re1 O-O 10. b3 f6 11. Na3 a6 12. c4 Bd7 13. Nc2 Rae8 14. Bd2 Ng6 15. g3 Bxg3 16. fxg3 Qxg3+ 17. Kh1 Qxh3+ 18. Kg1 Qg3+ 19. Kh1 Nh4 20. Nxh4 Qxh4+ 21. Kg2 f5 22. Rh1 Qf6 23. Bf4 dxc4 24. Bxc4 b5 25. Be2 Ne7 26. Be5 Bc6+ 27. Bf3 Qg5+ 28. Kf2 Bxf3 29. Qxf3 Rc8 30. Ne3 f4 31. Nc4 Qg3+ 32. Qxg3 fxg3+ 33. Kxg3 bxc4 34. Rag1 Nf5+ 35. Kf2 cxb3 36. axb3 Rc2+ 37. Ke1 Rb2 38. Rh5 g6 39. Rh3 Rc8 40. Rd3 Rc1+ 41. Rd1 Rxd1+ 42. Kxd1 Rb1+ 0-1


[Site "https://www.chess.com"]

[Event "Titled Tuesday Blitz July 20 2021"]
[White "Batsuren, Dambasuren"]
[Black "Astafurov, Arseniy"]
[WhiteFideId "4902920"]
[BlackFideId "24175218"]
[WhiteElo "2371"]
[BlackElo "2163"]
[Result "1-0"]
[Round "04"]
[TimeControl "180+1"]
[Date "2021.07.21"]
[WhiteClock "0:01:28"]
[BlackClock "0:00:12"]

1. c4 c6 2. e4 d5 3. exd5 cxd5 4. cxd5 Nf6 5. Bb5+ Nbd7 6. Nc3 g6 7. Nf3 Bg7 8. O-O O-O 9. Re1 Nb6 10. d4 Nfxd5 11. h3 Bf5 12. Bg5 a6 13. Bf1 Rc8 14. Qb3 Qd6 15. Nxd5 Nxd5 16. Qxb7 Rb8 17. Bxe7 Nxe7 18. Qxe7 Rfd8 19. Qxd6 Rxd6 20. b3 a5 21. Rac1 Bxd4 22. Red1 Bc5 23. Bc4 Rxd1+ 24. Rxd1 Kg7 25. g4 Be6 26. Bxe6 fxe6 27. Ng5 Kf6 28. Ne4+ 1-0


[Site "https://www.chess.com"]

[Event "Titled Tuesday Blitz July 20 2021"]
[White "Boidiya, Sidi"]
[Black "Hryshchenko, Kamila"]
[WhiteFideId "19600100"]
[BlackFideId "14147491"]
[WhiteElo "2113"]
[BlackElo "1966"]
[Result "0-1"]
[Round "04"]
[TimeControl "180+1"]
[Date "2021.07.21"]
[WhiteClock "0:02:02"]
[BlackClock "0:01:24"]

1. e4 d5 2. exd5 Qxd5 3. Nf3 Bg4 4. Be2 Nc6 5. O-O O-O-O 6. d3 e5 7. Nc3 Qd7 8. Re1 Nf6 9. Ng5 h5 10. h3 Bxe2 11. Qxe2 Nd4 12. Qd1 Bd6 13. a3 h4 14. Be3 Nf5 15. Qd2 Kb8 16. b4 Nh5 17. a4 Bxb4 18. Bxa7+ Kc8 19. Be3 Nd4 20. Reb1 Bxc3 21. Qxc3 Ne2+ 0-1


[Site "https://www.chess.com"]

[Event "Titled Tuesday Blitz July 20 2021"]
[White "Chigaev, Maksim"]
[Black "Peralta, Eduardo"]
[WhiteFideId "4108116"]
[BlackFideId "3700062"]
[WhiteElo "2646"]
[BlackElo "2205"]
[Result "1/2-1/2"]
[Round "04"]
[TimeControl "180+1"]
[Date "2021.07.20"]
[WhiteClock "0:00:09"]
[BlackClock "0:00:16"]

1. d4 Nf6 2. c4 c5 3. d5 g6 4. Nc3 d6 5. e4 Bg7 6. h3 O-O 7. Nf3 e6 8. Bd3 exd5 9. cxd5 b5 10. Nxb5 Re8 11. O-O Nxe4 12. Re1 a6 13. Na3 Nf6 14. Rxe8+ Nxe8 15. Bg5 Bf6 16. Qd2 Nd7 17. Re1 Ne5 18. Nxe5 Bxg5 19. f4 dxe5 20. fxg5 Qxd5 21. Qc3 Bb7 22. Be4 Qd7 23. Bxb7 Qxb7 24. Nc4 Ng7 25. Rxe5 Rd8 26. Ne3 Qb4 27. Rxc5 Qxc3 28. Rxc3 Ne6 29. h4 h6 30. gxh6 Kh7 31. Ng4 Rd2 32. Rb3 Rd4 33. Ne5 Nd8 34. Rd3 Rxd3 35. Nxd3 Kxh6 36. b4 Nc6 37. g4 g5 38. h5 f5 39. gxf5 Kxh5 40. a4 g4 41. b5 axb5 42. axb5 Na5 43. b6 Kg5 44. Ne5 Kxf5 45. Nxg4 Kxg4 46. b7 Nc6 47. b8=Q Nxb8 1/2-1/2


[Site "https://www.chess.com"]

[Event "Titled Tuesday Blitz July 20 2021"]
[White "Chiu, Isaac"]
[Black "ketster"]
[WhiteFideId "30900654"]
[WhiteElo "2117"]
[BlackElo "2458"]
[Result "1-0"]
[Round "04"]
[TimeControl "180+1"]
[Date "2021.07.21"]
[WhiteClock "0:00:33"]
[BlackClock "0:00:20"]

1. e4 e6 2. Nc3 d5 3. Nf3 d4 4. Ne2 c5 5. c3 Nf6 6. e5 Nfd7 7. cxd4 cxd4 8. Nexd4 Nxe5 9. Bb5+ Nec6 10. O-O Bc5 11. Nxc6 Nxc6 12. d4 Bb6 13. Bg5 Qd5 14. Qe2 O-O 15. Rfd1 Nxd4 16. Nxd4 Qxg5 17. Nf3 Qh5 18. Bd7 Bxd7 19. Rxd7 Rab8 20. Rad1 h6 21. Qe4 Qc5 22. Qe2 Rbd8 23. Ne5 Qc8 24. R7d3 Rxd3 25. Rxd3 Rd8 26. Rc3 Qb8 27. g3 Qd6 28. Rd3 Qe7 29. Rf3 f6 30. Ng6 Qd6 31. Kg2 e5 32. h4 Qc6 33. Ne7+ 1-0


[Site "https://www.chess.com"]

[Event "Titled Tuesday Blitz July 20 2021"]
[White "Darini, Pouria"]
[Black "Onyshchuk, Volodymyr"]
[WhiteFideId "12502200"]
[BlackFideId "14114038"]
[WhiteElo "2489"]
[BlackElo "2603"]
[Result "0-1"]
[Round "04"]
[TimeControl "180+1"]
[Date "2021.07.20"]
[WhiteClock "0:00:02"]
[BlackClock "0:00:40"]

1. e4 d6 2. d4 Nf6 3. Nc3 g6 4. Be3 c6 5. Nf3 Nbd7 6. Bd3 e5 7. h3 Bg7 8. O-O O-O 9. a4 h6 10. Qd2 Kh7 11. dxe5 dxe5 12. Rfd1 Qe7 13. Ne2 a5 14. Qc3 Re8 15. Ng3 Bf8 16. Bc4 Kg7 17. Qd2 Kh7 18. Qc3 Bg7 19. Qb3 Rf8 20. Qa3 Qxa3 21. Rxa3 Kg8 22. Nh4 Kh7 23. Rad3 h5 24. Nf3 Bh6 25. Ng5+ Kg7 26. Rd6 h4 27. Ne2 Bxg5 28. Bxg5 Nxe4 29. Rxd7 Bxd7 30. Be7 Bf5 31. Bxf8+ Kxf8 32. c3 Ke7 33. f4 f6 34. fxe5 fxe5 35. Re1 Rd8 36. Ba2 Kf6 37. Bb1 Nc5 38. Bxf5 gxf5 39. Rf1 Nxa4 40. b4 Rd2 41. Re1 axb4 42. cxb4 Nb2 43. Nc3 Nd3 44. Rf1 Nf4 45. Kh1 Ke6 46. Re1 Nxg2 47. Re2 Rxe2 48. Nxe2 Nf4 0-1


[Site "https://www.chess.com"]

[Event "Titled Tuesday Blitz July 20 2021"]
[White "De Souza, Cristiano Gomes"]
[Black "Trent, Lawrence"]
[WhiteFideId "2151758"]
[BlackFideId "408638"]
[WhiteElo "2068"]
[BlackElo "2474"]
[Result "0-1"]
[Round "04"]
[TimeControl "180+1"]
[Date "2021.07.21"]
[WhiteClock "0:00:08"]
[BlackClock "0:00:42"]

1. d4 c5 2. d5 f5 3. g3 g6 4. Bg2 Bg7 5. Nf3 Nf6 6. O-O O-O 7. c4 Ne4 8. Qc2 Na6 9. a3 Nc7 10. Nfd2 Nxd2 11. Bxd2 d6 12. Bc3 Be5 13. Nd2 Ne8 14. f4 Bf6 15. e4 Bxc3 16. Qxc3 fxe4 17. Nxe4 Nf6 18. Nxf6+ exf6 19. Rfe1 Bd7 20. Re3 Re8 21. Rae1 Rxe3 22. Qxe3 Kf7 23. Kf2 a6 24. h4 h5 25. Be4 f5 26. Bc2 Qf6 27. Qc3 Qxc3 28. bxc3 b5 29. Bd3 Rb8 30. Rb1 Ke7 31. Ke3 Kd8 32. Kd2 Kc7 33. Be2 Rb7 34. Bd3 Rb8 35. Be2 Be8 36. Bd3 Kd8 37. cxb5 axb5 38. Rb2 Kc7 39. Rb1 c4 40. Be2 Ra8 41. Ra1 Kb6 42. Bf3 Kc5 43. Kc2 Bf7 44. Kb2 Bxd5 45. Bd1 Bc6 46. Bc2 Re8 47. Rd1 Re2 48. Kc1 Rg2 49. Re1 Rxg3 50. Re6 Rxc3 51. Kb1 Rxa3 52. Rxg6 Be4 53. Bxe4 fxe4 54. Rg5+ d5 55. Rxh5 Rf3 56. Rh8 Rxf4 57. h5 Kb4 58. h6 Kb3 0-1


[Site "https://www.chess.com"]

[Event "Titled Tuesday Blitz July 20 2021"]
[White "Derige Kane, Yan"]
[Black "Tarasova, Viktoriya"]
[WhiteFideId "20665431"]
[BlackFideId "4175840"]
[WhiteElo "2169"]
[BlackElo "2182"]
[Result "1-0"]
[Round "04"]
[TimeControl "180+1"]
[Date "2021.07.21"]
[WhiteClock "0:00:11"]
[BlackClock "0:00:14"]

1. d4 Nf6 2. Bg5 e6 3. e4 Be7 4. Bxf6 Bxf6 5. Nf3 d6 6. Bd3 O-O 7. h4 h6 8. g4 Be7 9. Nbd2 e5 10. dxe5 Bxg4 11. exd6 Bxd6 12. Qe2 Nc6 13. Qe3 Qe7 14. Rg1 h5 15. O-O-O Bc5 16. Qf4 Bd6 17. Qe3 g6 18. Rde1 Bc5 19. Qh6 Qf6 20. Ng5 Qg7 21. Qxg7+ Kxg7 22. Rg2 Rae8 23. f3 Bc8 24. f4 Bg4 25. e5 f6 26. exf6+ Kxf6 27. Nde4+ Kg7 28. Rf1 Bb6 29. a3 Be3+ 30. Kb1 Rxf4 31. Re1 Bb6 32. Bc4 Ref8 33. Rxg4 hxg4 34. Ne6+ Kh6 35. Nxf8 Rxf8 36. Ng5 Kg7 37. Ne6+ Kg8 38. Nxf8+ Kxf8 39. Rf1+ Ke7 40. Rf4 Ne5 41. Bd5 Kd6 42. Bxb7 c6 43. Bc8 g3 44. Bh3 Be3 45. Re4 Bf2 46. Bg2 Nd7 47. Rf4 Nc5 48. Rf6+ Ne6 49. Rxg6 Ke5 50. h5 Nf4 51. Rg8 Nxg2 52. h6 Nf4 53. h7 Ng6 54. Rxg6 g2 55. Rxg2 Bd4 56. h8=Q+ Kd5 57. Qh5+ Kc4 58. Rg4 c5 59. Qf7+ Kb5 60. Qb3+ Kc6 61. Rg6+ Kd7 62. Qf7+ 1-0


[Site "https://www.chess.com"]

[Event "Titled Tuesday Blitz July 20 2021"]
[White "Djordjevic, Dejan N"]
[Black "Pham, Le Thao Nguyen"]
[WhiteFideId "913316"]
[BlackFideId "12401226"]
[WhiteElo "2262"]
[BlackElo "2286"]
[Result "0-1"]
[Round "04"]
[TimeControl "180+1"]
[Date "2021.07.21"]
[WhiteClock "0:00:05"]
[BlackClock "0:00:07"]

1. e4 c5 2. Nc3 e6 3. g3 a6 4. Bg2 b5 5. Nge2 Bb7 6. O-O Bc6 7. d4 cxd4 8. Nxd4 Bb7 9. Be3 Qc7 10. h3 Nc6 11. a4 b4 12. Nce2 Nf6 13. f3 Bc5 14. Kh2 Ne5 15. b3 h5 16. Qd2 h4 17. Bf4 hxg3+ 18. Bxg3 Nh5 19. Qg5 Nxg3 20. Qxg3 Bd6 21. f4 Ng6 22. e5 Bxg2 23. Kxg2 Bc5 24. Rad1 Rc8 25. Rd2 Qa7 26. Nf3 Qb7 27. Kh2 Be3 28. Rd3 Bb6 29. Ned4 Rc7 30. f5 Bxd4 31. Nxd4 exf5 32. Rxf5 Qe4 33. Rd2 Rc3 34. Qf4 Nxf4 0-1


[Site "https://www.chess.com"]

[Event "Titled Tuesday Blitz July 20 2021"]
[White "Wagner, Dinara"]
[Black "Seletsky, Grigory"]
[WhiteFideId "24157570"]
[BlackFideId "14112191"]
[WhiteElo "2260"]
[BlackElo "2492"]
[Result "1-0"]
[Round "04"]
[TimeControl "180+1"]
[Date "2021.07.21"]
[WhiteClock "0:00:05"]
[BlackClock "0:00:00"]

1. d4 d6 2. c4 Nf6 3. Nf3 Bg4 4. g3 Bxf3 5. exf3 c6 6. Bg2 g6 7. f4 Bg7 8. O-O O-O 9. Nc3 Nbd7 10. Re1 Nb6 11. Qd3 e6 12. d5 exd5 13. cxd5 c5 14. f5 Nbd7 15. Bf4 Qb6 16. fxg6 hxg6 17. Nb5 Ne5 18. Bxe5 dxe5 19. Rxe5 Rad8 20. Rae1 a6 21. Nc3 Qxb2 22. Re7 Ng4 23. Ne4 Bd4 24. Qf3 Ne5 25. Qd1 Qxa2 26. h4 Kg7 27. h5 Qa5 28. hxg6 Nxg6 29. Rxb7 Rfe8 30. Nd2 Rxe1+ 31. Qxe1 Bc3 32. Qe4 Bxd2 33. Qf5 Rf8 34. d6 Bc3 35. d7 Bf6 36. Bf1 Qd2 37. Bc4 Bd4 38. d8=Q Qxf2+ 39. Kh1 Qe1+ 40. Kh2 Qg1+ 41. Kh3 Qh1+ 42. Kg4 Ne5+ 43. Qxe5+ Bxe5 44. Qg5+ Kh7 45. Bd3+ 1-0


[Site "https://www.chess.com"]

[Event "Titled Tuesday Blitz July 20 2021"]
[White "Elgersma, Onno"]
[Black "Iskusnyh, Sergei"]
[WhiteFideId "1053531"]
[BlackFideId "4120027"]
[WhiteElo "2463"]
[BlackElo "2492"]
[Result "0-1"]
[Round "04"]
[TimeControl "180+1"]
[Date "2021.07.21"]
[WhiteClock "0:01:25"]
[BlackClock "0:01:41"]

1. d4 d5 2. Nf3 Nf6 3. g3 c6 4. Bg2 Bf5 5. O-O e6 6. c4 Nbd7 7. Nfd2 Be7 8. Nc3 O-O 9. e4 dxe4 10. Ndxe4 Nxe4 11. Nxe4 Nf6 12. Nc3 Qb6 13. c5 Qa6 14. Qb3 Rfd8 15. Rd1 Bg4 16. Qb4 Bxd1 17. Bf1 b5 18. Bf4 Bf3 19. a4 Nd5 20. Nxd5 Bxd5 21. axb5 Qxa1 0-1


[Site "https://www.chess.com"]

[Event "Titled Tuesday Blitz July 20 2021"]
[White "Gabrielian, Artur"]
[Black "Martins, Igor Carvalho Ribeiro"]
[WhiteFideId "4131002"]
[BlackFideId "2162962"]
[WhiteElo "2523"]
[BlackElo "2527"]
[Result "1-0"]
[Round "04"]
[TimeControl "180+1"]
[Date "2021.07.21"]
[WhiteClock "0:00:30"]
[BlackClock "0:00:32"]

1. e4 c5 2. Nc3 d6 3. d4 cxd4 4. Qxd4 Nf6 5. b3 Nc6 6. Qd2 g6 7. Bb2 Bg7 8. O-O-O O-O 9. Nge2 b6 10. h4 Bb7 11. Kb1 Ne5 12. f3 h5 13. Nd5 Nxd5 14. exd5 a5 15. f4 Ng4 16. Bxg7 Kxg7 17. a4 Rc8 18. Ng3 Qc7 19. c4 Qc5 20. Ne4 Qe3 21. Qxe3 Nxe3 22. Re1 Nf5 23. Bd3 Rc7 24. Kb2 Bc8 25. Nc3 Ba6 26. Bxf5 gxf5 27. Re3 Kf6 28. Rg3 Rcc8 29. Rg5 Rh8 30. Rd1 Rcd8 31. Ne2 e5 32. fxe5+ dxe5 33. Rf1 Bc8 34. Ng3 Rdg8 35. Nxf5 Rxg5 36. hxg5+ Kxg5 37. Nd6 Kg4 38. Nxf7 Re8 39. Nd6 Rg8 40. Nxc8 Rxc8 41. Kc2 Kg3 42. Rf5 h4 43. Rxe5 Kxg2 44. Rg5+ Kf3 45. Rh5 Kf4 46. Rxh4+ 1-0


[Site "https://www.chess.com"]